 Dungeon Crawl Stone Soup version 0.24-a0-264-gf46a388 (webtiles) character file.

Game seed: 12184152444769175119

14657 Lanoc the Cleaver (level 11, -4/97 HPs)
             Began as a Minotaur Gladiator on Apr 19, 2019.
             Was a Believer of Uskayaw.
             Slain by a ten-headed hydra (11 damage)
             ... on level 13 of the Dungeon.
             The game lasted 00:27:49 (8460 turns).

Lanoc the Cleaver (Minotaur Gladiator)              Turns: 8460, Time: 00:27:50

Health: -4/97      AC: 13    Str: 19    XL:     11   Next: 91%
Magic:  17/17      EV: 15    Int:  5    God:    Uskayaw [**....]
Gold:   628        SH:  0    Dex: 15    Spells: 10/10 levels left

rFire    + + .     SeeInvis .   l - +2 broad axe (chop)
rCold    x . .     Gourm    .   (no shield)
rNeg     . . .     Faith    .   s - +0 fire dragon scales
rPois    .         Spirit   .   c - +0 hat
rElec    .         Reflect  .   (no cloak)
rCorr    +         Harm     .   (no gloves)
MR       ++...                  A - +1 pair of boots of Fuwkythe {MR++}
Stlth    ..........             C - amulet of regeneration
HPRegen  0.66/turn              i - ring of resist corrosion
MPRegen  0.15/turn              (no ring)

@: hasted, very quick
A: retaliatory headbutt, horns 2
a: Stomp, Line Pass, Renounce Religion


You were on level 13 of the Dungeon.
You worshipped Uskayaw.
Uskayaw was aware of your devotion.
You were not hungry.

You visited 2 branches of the dungeon, and saw 14 of its levels.

You collected 653 gold pieces.
You spent 25 gold pieces at shops.

Inventory:

Hand Weapons
 l - a +2 broad axe of chopping (weapon)
Missiles
 d - a throwing net (quivered)
Armour
 c - a +0 hat (worn)
 s - +0 fire dragon scales (worn)
 A - the +1 pair of boots of Fuwkythe (worn) {MR++}
   (You found it on level 9 of the Dungeon)

   It affects your resistance to hostile enchantments.
Jewellery
 i - a ring of resist corrosion (left hand)
 C - an amulet of regeneration (around neck)
Wands
 m - a wand of digging (4)
 t - a wand of enslavement (8)
 v - a wand of iceblast (26)
 E - a wand of random effects (10)
Scrolls
 a - 6 scrolls of remove curse
 g - 2 scrolls of fear {unknown}
 h - 9 scrolls of teleportation
 j - a scroll of immolation {unknown}
 n - 2 scrolls of enchant armour {unknown}
 p - 3 scrolls of magic mapping
 y - 3 scrolls of blinking {unknown}
 D - a scroll of enchant weapon {unknown}
Potions
 b - a potion of ambrosia
 e - 4 potions of flight
 k - a potion of agility
 o - a potion of lignification
 r - a potion of resistance
 w - a potion of brilliance
 x - a potion of might
 z - a potion of mutation
 B - a potion of cancellation
Comestibles
 f - 17 rations


   Skills:
 + Level 9.5 Fighting
 * Level 12.9 Axes
 - Level 2.0 Throwing
 + Level 9.1 Armour
 + Level 9.1 Dodging
 * Level 9.5 Invocations


You had 10 spell levels left.
You didn't know any spells.
Your spell library contained the following spells:

 Spells                   Type           Power        Failure   Level  Hunger
 Animate Skeleton         Necr           N/A          86%         1    ##.....
 Apportation              Tloc           #.....       86%         1    ##.....
 Confusing Touch          Hex            #.....       86%         1    ##.....
 Corona                   Hex            #......      86%         1    ##.....
 Sting                    Conj/Pois      #...         86%         1    ##.....
 Summon Small Mammal      Summ           #...         86%         1    ##.....
 Ensorcelled Hibernation  Hex/Ice        #.....       94%         2    ###....
 Poisonous Vapours        Pois/Air       #.....       94%         2    ###....
 Slow                     Hex            #.......     94%         2    ###....
 Confuse                  Hex            #.......     99%         3    ####...
 Conjure Flame            Conj/Fire      #.......     99%         3    ####...
 Dazzling Spray           Conj/Hex       #.....       99%         3    ####...
 Inner Flame              Hex/Fire       #.......     99%         3    ####...
 Mephitic Cloud           Conj/Pois/Air  #.......     99%         3    ####...
 Portal Projectile        Hex/Tloc       #.....       99%         3    ####...
 Tukima's Dance           Hex            #.......     99%         3    ####...
 Cause Fear               Hex            #.........   100%        4    #####..
 Leda's Liquefaction      Hex/Erth       #.........   100%        4    #####..
 Olgreb's Toxic Radiance  Pois           #.......     100%        4    #####..
 Venom Bolt               Conj/Pois      #.........   100%        5    ######.
 Freezing Cloud           Conj/Ice/Air   #.........   100%        6    #######
 Ring of Flames           Chrm/Fire      #.........   100%        7    #######


Dungeon Overview and Level Annotations

Branches:
Dungeon (14/15)            Temple (1/1) D:4            Lair (0/6) D:8
    Orc (0/2) D:12
 Vaults: D:13-14

Altars:
Cheibriados
Fedhas
Gozag
Hepliaklqana
Kikubaaqudgha
Nemelex Xobeh
Okawaru
Trog
Uskayaw
Xom
Yredelemnul
Zin

Shops:
D:6 =(=*(

Annotations:
D:7 2 transporters, Yolobob's ghost, novice TrMo
D:14 Josephine


Innate Abilities, Weirdness & Mutations

You reflexively headbutt those who attack you in melee.
You have a pair of horns on your head.


Message History

The nine-headed hydra bites you!
* * * LOW HITPOINT WARNING * * *
The nine-headed hydra bites you but does no damage.
The nine-headed hydra barely misses you.
The nine-headed hydra bites you!
* * * LOW HITPOINT WARNING * * *
The nine-headed hydra bites you.
* * * LOW HITPOINT WARNING * * *
The nine-headed hydra bites you.
* * * LOW HITPOINT WARNING * * *
The nine-headed hydra misses you. The nine-headed hydra bites you.
* * * LOW HITPOINT WARNING * * *
Okay, then.
You chop one of the nine-headed hydra's heads off!
The eight-headed hydra grows two more!
You hit the ten-headed hydra.
The ten-headed hydra is heavily wounded.
You hit the centaur warrior. The centaur warrior misses you.
You furiously retaliate!
You headbutt the centaur warrior. The ten-headed hydra bites you!
You die...

......................
..###..........###....
# #..........###....
#....D.....'... ..
#y.........# ..
#c#........## .#
#c#.#####...# #c#.#
###.# #@#.# #.# #.#
#D#.# #.# #.. #(#.#
#.# ### #.#.# #.# ...
#.#.# #.# ### #.#.#
#.# #.. #.#.# #.# #.#
#.#.# #.# #.# #.#.#
#.####.#


You could see a ten-headed hydra, a centaur warrior, 2 centaurs and a killer
bee.

Vanquished Creatures
  Nessos (D:12)
  A yaktaur captain (D:13)
  Harold (D:9)
  A centaur warrior (D:13)
  3 two-headed ogres
  A deep elf mage (D:12)
  2 cyclopes (D:13)
  A salamander (shapeshifter) (D:12)
  Joseph (D:7)
  A centaur zombie (D:13)
  A tengu conjurer (D:13)
  A slime creature (D:8)
  4 hippogriffs
  3 yaks (D:9)
  A hungry ghost (D:10)
  Menkaure (D:7)
  An acid dragon (D:13)
  Duvessa (D:7)
  A water moccasin (D:7)
  5 orc warriors
  A swamp drake (D:12)
  4 ice beasts
  A necrophage (D:7)
  3 eyes of draining
  A phantom (D:5)
  4 ogres
  4 centaurs
  A big kobold (D:9)
  2 crocodiles
  A wyvern zombie (D:8)
  Dowan (D:7)
  7 scorpions
  2 killer bees (D:13)
  9 wights
  2 howler monkeys
  5 crimson imps
  3 bullfrog zombies
  5 hounds
  3 quasits
  A bullfrog skeleton (D:4)
  5 orc priests
  7 jellies
  4 centaur skeletons
  Natasha (thrice) (D:3)
  6 iguanas
  5 worker ants
  5 orc wizards
  A killer bee zombie (D:6)
  A hound zombie (D:8)
  13 adders
  2 howler monkey skeletons
  2 adder skeletons (D:9)
  2 worms
  4 leopard geckos
  30 orcs
  A ball python (D:4)
  3 giant cockroaches
  3 goblins
  3 hobgoblins
  6 jackals
  9 kobolds
  5 quokkas
  A ball python zombie (D:6)
  A bat (D:3)
  4 frilled lizards
  A leopard gecko skeleton (D:4)
  A leopard gecko zombie (D:9)
  A quokka skeleton (D:8)
  4 rats
225 creatures vanquished.

Notes
Turn   | Place    | Note
-------+----------+-------------------------------------------
     0 | D:1      | Lanoc the Minotaur Gladiator began the quest for the Orb.
     0 | D:1      | Reached XP level 1. HP: 18/18 MP: 0/0
   304 | D:3      | Reached XP level 2. HP: 25/25 MP: 1/1
   306 | D:3      | Reached skill level 4 in Axes
   312 | D:3      | Reached skill level 1 in Armour
   414 | D:3      | Noticed Natasha
   417 | D:3      | Noticed a crimson imp
   433 | D:3      | Killed Natasha
   433 | D:3      | Reached XP level 3. HP: 6/31 MP: 2/2
   445 | D:3      | Noticed Natasha
   452 | D:3      | Killed Natasha
   452 | D:3      | Reached XP level 4. HP: 7/38 MP: 3/3
   705 | D:3      | Noticed Natasha
   711 | D:3      | Killed Natasha
   872 | D:3      | Reached skill level 5 in Axes
  1099 | D:3      | Found a blossoming altar of Fedhas.
  1192 | D:4      | Reached XP level 5. HP: 35/45 MP: 4/4
  1381 | D:4      | Reached XP level 6. HP: 30/52 MP: 5/5
  1610 | D:4      | Reached skill level 6 in Axes
  1965 | D:4      | Found a staircase to the Ecumenical Temple.
  1970 | Temple   | Entered the Ecumenical Temple
  1991 | Temple   | Became a worshipper of Uskayaw the Reveler
  2053 | D:4      | Reached * piety under Uskayaw
  2092 | D:4      | Reached ** piety under Uskayaw
  2523 | D:5      | Entered Level 5 of the Dungeon
  2590 | D:5      | Reached XP level 7. HP: 56/60 MP: 6/6
  2598 | D:5      | Reached skill level 5 in Dodging
  2598 | D:5      | Reached *** piety under Uskayaw
  2628 | D:5      | Reached skill level 7 in Axes
  2699 | D:5      | Reached **** piety under Uskayaw
  2704 | D:5      | Reached ***** piety under Uskayaw
  2705 | D:5      | Reached skill level 1 in Invocations
  2706 | D:5      | Reached skill level 5 in Fighting
  3025 | D:5      | Found a bloodstained altar of Trog.
  3138 | D:6      | Found Seiguagyta's Weapon Emporium.
  3180 | D:6      | Found Redep's Jewellery Shoppe.
  3222 | D:6      | Reached XP level 8. HP: 45/68 MP: 4/8
  3276 | D:6      | Found Usuchi's Jewellery Emporium.
  3281 | D:6      | Found Ciywkun's Antique Weapon Shop.
  3438 | D:6      | Found Pohijiucha's Assorted Antiques.
  3441 | D:6      | Bought a scroll labeled YKHLI EVIMPAANG for 25 gold pieces
  3626 | D:7      | Reached skill level 8 in Axes
  3630 | D:7      | Reached skill level 5 in Armour
  3840 | D:7      | Found a transporter.
  3840 | D:7      | Noticed Yolobob's ghost (novice TrMo)
  3844 | D:7      | Found a transporter.
  3907 | D:7      | Noticed Menkaure
  3910 | D:7      | Killed Menkaure
  3910 | D:7      | Reached skill level 9 in Axes
  3910 | D:7      | Reached XP level 9. HP: 19/75 MP: 3/11
  3919 | D:7      | Noticed Duvessa
  4166 | D:7      | Noticed Dowan
  4179 | D:7      | Killed Dowan
  4181 | D:7      | Killed Duvessa
  4343 | D:7      | Noticed Joseph
  4359 | D:7      | Killed Joseph
  4359 | D:7      | Reached skill level 5 in Invocations
  4832 | D:8      | Found a staircase to the Lair.
  4845 | D:8      | Reached skill level 10 in Axes
  4936 | D:8      | Found a large runed translucent door.
  4936 | D:8      | Found a large runed translucent door.
  5183 | D:8      | Found a sparkling altar of Nemelex Xobeh.
  5283 | D:8      | Found a sparkling altar of Nemelex Xobeh.
  5283 | D:8      | Noticed an eight-headed hydra
  5517 | D:9      | Noticed a two-headed ogre
  5525 | D:9      | Killed a two-headed ogre
  5525 | D:9      | Reached XP level 10. HP: 46/86 MP: 6/13
  5526 | D:9      | Noticed Harold
  5535 | D:9      | Killed Harold
  5535 | D:9      | Reached skill level 11 in Axes
  5549 | D:9      | Got a pair of fine boots
  5560 | D:9      | Identified the +1 pair of boots of Fuwkythe {MR++} (You
                  | found it on level 9 of the Dungeon)
  6049 | D:10     | Entered Level 10 of the Dungeon
  6127 | D:10     | You fall through a shaft for 2 floors!
  6162 | D:12     | Noticed Nessos
  6173 | D:12     | Killed Nessos
  6485 | D:12     | Noticed a two-headed ogre
  6490 | D:12     | Killed a two-headed ogre
  6490 | D:12     | Reached XP level 11. HP: 84/95 MP: 13/16
  6580 | D:12     | Noticed a deep elf mage
  6595 | D:12     | Killed a deep elf mage
  6920 | D:12     | Found a staircase to the Orcish Mines.
  6931 | D:12     | Reached skill level 12 in Axes
  7332 | D:13     | Noticed a two-headed ogre
  7340 | D:13     | Killed a two-headed ogre
  7348 | D:13     | Noticed a catoblepas
  7417 | D:13     | Noticed a six-headed hydra
  7956 | D:13     | Noticed a yaktaur captain
  7959 | D:13     | Noticed a centaur warrior
  7969 | D:13     | Killed a centaur warrior
  8038 | D:13     | Killed a yaktaur captain
  8229 | D:14     | Noticed Josephine
  8229 | D:14     | Noticed a green ugly thing
  8229 | D:14     | Noticed a green ugly thing
  8229 | D:14     | Noticed a green ugly thing
  8428 | D:13     | Noticed a seven-headed hydra
  8453 | D:13     | Noticed a centaur warrior
  8460 | D:13     | Slain by a ten-headed hydra

Levels and vault maps discovered:
D:1:      dpeg_arrival_pond, layout_basic, serial_curves, eino_curves_04,
          eino_curves_01
D:2:      minmay_wonky_spiral, layout_rooms, first_ration, uniq_jessica
D:3:      layout_loops_ring, marbit_many_paths, uniq_natasha
D:4:      minmay_recursive_quarters, layout_basic, minmay_temple_entry_crystal_x
D:5:      layout_rooms, trog_hazing_becter
D:6:      layout_cave_pools, serial_shops, shop, shop, nicolae_shop_statue_plus,
          shop, kennysheep_mini_moat
D:7:      layout_basic, gammafunk_ghost_hive, uniq_joseph, uniq_duvessa,
          uniq_menkaure
D:8:      layout_basic, lemuel_coloured_pillars_altar, dpeg_oklobed_lair,
          jmf_multi_god_temple2
D:9:      layout_cave_pools, serial_glass, glass_columns_a, glass_columns_a,
          kennysheep_diamond, st_stairs_7, uniq_harold
D:10:     layout_long_grid, the_bakery, corner_web_ring,
          nemelex_diamond_rough_becter, uniq_urug
D:12:     layout_loops_ring, erik_orc_1, uniq_nessos
D:13:     layout_basic, kennysheep_four_rooms
D:14:     layout_cross, ximxim_vaults_locker_room,
          hangedman_abyss_or_decor_stagger, serial_shops, shop,
          nicolae_shop_competitors_out_of_business, shop, nicolae_shop_crystal,
          kennysheep_little_box, minmay_fire_ice_demons, uniq_rupert,
          uniq_josephine
Temple:   regret_index_temple_chain_breaker

Skill      XL: |  1  2  3  4  5  6  7  8  9 10 11 |
---------------+----------------------------------+-----
Axes           | 4 5 6 7 9 10 11 12 | 12.9
Armour         | 1 2 3 4 5 7 8 9 |  9.1
Fighting       | 3 4 5 6 7 8 9 |  9.5
Dodging        | 4 5 6 7 8 9 |  9.1
Invocations    | 2 4 6 8 9 |  9.5
Throwing       | |  2.0

Action                   |  1- 3 |  4- 6 |  7- 9 | 10-12 || total
-------------------------+-------+-------+-------+-------++-------
Melee: War axe           |     8 |       |       |       ||     8
       Broad axe         |    25 |    66 |   199 |   209 ||   499
       Headbutt          |     2 |    12 |    36 |    45 ||    95
Throw: Throwing net      |     4 |       |     1 |     4 ||     9
Evoke: Wand              |       |       |       |     5 ||     5
  Use: Potion            |     1 |       |       |     5 ||     6
       Scroll            |       |       |    13 |     5 ||    18
 Stab: Sleeping          |       |     1 |     1 |       ||     2
       Paralysed         |       |       |    20 |    27 ||    47
       Held in net/web   |       |       |       |     4 ||     4
  Eat: Chunk             |       |     5 |     9 |    11 ||    25
       Ration            |       |       |       |     1 ||     1
Armor: Leather armour    |    11 |    23 |    50 |       ||    84
       Fire dragon scale |       |       |     2 |    87 ||    89
Dodge: Dodged            |    32 |    52 |   189 |   144 ||   417

Table legend:
 A = Non-vault XP
 B = Vault XP
 C = Vault XP percentage of total XP
 D = Non-vault monster count
 E = Vault monster count
 F = Vault count percentage of total count
                 A         B        C        D         E       F
            +---------+---------+-------+---------+---------+-------
      Total |   13578 |    7361 |  35.2 |     171 |      54 |  24.0
            +---------+---------+-------+---------+---------+-------
        D:2 |       4 |       0 |   0.0 |       3 |       0 |   0.0
        D:3 |     118 |      39 |  24.8 |      18 |       2 |  10.0
        D:4 |     393 |     161 |  29.1 |      12 |       9 |  42.9
        D:5 |     493 |      11 |   2.2 |      21 |       6 |  22.2
        D:6 |     443 |       0 |   0.0 |      11 |       0 |   0.0
        D:7 |    1381 |     899 |  39.4 |      18 |       4 |  18.2
        D:8 |     810 |     654 |  44.7 |      20 |       4 |  16.7
        D:9 |    1904 |    1214 |  38.9 |      21 |       6 |  22.2
       D:10 |     250 |       0 |   0.0 |       3 |       0 |   0.0
       D:12 |    3183 |    1961 |  38.1 |      14 |      18 |  56.2
       D:13 |    4599 |    2422 |  34.5 |      30 |       5 |  14.3
            +---------+---------+-------+---------+---------+-------
